 Dungeon Crawl Stone Soup version 0.19-a0-1834-g6b7851e (webtiles) character file.

277 KarmaPolice the Ducker (level 6, -1/48 HPs)
             Began as a Vampire Gladiator on Oct 8, 2016.
             Slain by an iguana (8 damage)
             ... on level 4 of the Dungeon.
             The game lasted 00:07:02 (3612 turns).

KarmaPolice the Ducker (Vampire Gladiator)          Turns: 3612, Time: 00:07:03

Health: -1/48      AC:  4    Str: 15    XL:     6   Next: 4%
Magic:  6/6        EV: 15    Int: 10    God:
Gold:   128        SH:  0    Dex: 16    Spells: 0 memorised, 5 levels left

rFire  . . .     SeeInvis +     h - +2 dagger (vamp)
rCold  + . .     Gourm    .     b - +0 leather armour
rNeg   + + .     Faith    .     (no shield)
rPois  +         Spirit   .     g - +1 hat
rElec  .         Dismiss  .     (no cloak)
rCorr  .         Reflect  .     (no gloves)
MR     .....     Harm     .     (no boots)
Stlth  ++........               (no amulet)
                                (no ring)
                                (no ring)

@: regenerating slowly
A: fangs 3, see invisible, unbreathing
a: Bat Form


You were on level 4 of the Dungeon.
You were thirsty.

You visited 1 branch of the dungeon, and saw 4 of its levels.

You collected 128 gold pieces.

Inventory:

Hand Weapons
 a - a +0 long sword
 h - a +2 vampiric dagger (weapon)
 l - a cursed -2 falchion
Missiles
 d - 3 throwing nets (quivered)
Armour
 b - a +0 leather armour (worn)
 g - a +1 hat (worn)
Jewellery
 j - a +3 ring of dexterity {unknown}
 n - an uncursed ring of protection from magic {unknown}
 r - an uncursed ring of fire {unknown}
Scrolls
 k - a scroll of teleportation {unknown}
 q - a scroll of identify {unknown}
 s - a scroll of enchant weapon {unknown}
 t - a scroll of fog {unknown}
Potions
 c - a potion of flight {unknown}
 e - 14 potions of blood
 f - 3 potions of berserk rage {unknown}
 i - a potion of lignification {unknown}
 m - 2 potions of curing {unknown}
 o - a potion of degeneration {unknown}
 p - 3 potions of heal wounds
Books
 u - Jessica's Papyrus of the Compass
   (You found it on level 3 of the Dungeon)

   Spells                             Type                      Level
   a - Apportation                    Translocation                1


   Skills:
 + Level 3.9 Fighting
 + Level 4.4 Long Blades
 - Level 1.5 Throwing
 + Level 4.9 Dodging


You had 5 spell levels left.
You didn't know any spells.

Dungeon Overview and Level Annotations

Branches:
Dungeon (4/15)
 Temple: D:4-7

Altars:


Innate Abilities, Weirdness & Mutations

You heal slowly.
You have razor-sharp teeth.
You have supernaturally acute eyesight. (SInv)
You can survive without breathing.


Message History

The iguana is severely wounded.
The iguana bites you!
You hit the iguana but do no damage.
The iguana is severely wounded.
The iguana bites you.
You barely miss the iguana.
The iguana is severely wounded.
The iguana bites you!
* * * LOW HITPOINT WARNING * * *
You are too injured to fight recklessly!
You are too injured to fight recklessly!
You are too injured to fight recklessly!
You are too injured to fight recklessly!
You hit the iguana but do no damage.
The iguana is severely wounded.
The iguana barely misses you.
You hit the iguana but do no damage. You bite the iguana, but do no damage.
The iguana is severely wounded.
The iguana bites you!
You die...

### ..#####
###.##.. ..#.##l#
# #.#.##@##.#
#.#.#.....# ###
######.#.##.####
..####...........#
.....#.#####.....#
..##.#.......##..#
...#.#..###..##..#
...#.# #........#
.....# #.#......#


You could see an iguana.

Vanquished Creatures
  An iguana (D:4)
  Jessica (D:3)
  Terence (D:2)
  Natasha (thrice) (D:2)
  A worker ant (D:4)
  3 adders (D:2)
  3 worms
  3 dart slugs
  2 leopard geckos
  6 orcs
  4 giant cockroaches
  2 goblins
  8 hobgoblins
  8 kobolds
  A quokka (D:3)
  2 ball pythons (D:3)
  5 bats
  5 frilled lizards
  7 rats
66 creatures vanquished.

Notes
Turn   | Place    | Note
-------+----------+-------------------------------------------
     0 | D:1      | KarmaPolice the Vampire Gladiator began the quest for the Orb.
     0 | D:1      | Reached XP level 1. HP: 16/16 MP: 1/1
   140 | D:1      | Reached XP level 2. HP: 20/22 MP: 2/2
   413 | D:2      | Reached XP level 3. HP: 28/28 MP: 3/3
   582 | D:2      | Noticed Terence
   618 | D:2      | Killed Terence
   825 | D:2      | Noticed Natasha
   834 | D:2      | Killed Natasha
   834 | D:2      | Reached XP level 4. HP: 30/34 MP: 4/4
  1207 | D:2      | Noticed Natasha
  1227 | D:2      | Killed Natasha
  1666 | D:2      | Noticed Natasha
  1687 | D:2      | Killed Natasha
  1687 | D:2      | Reached XP level 5. HP: 37/41 MP: 5/5
  2933 | D:3      | Noticed Jessica
  2942 | D:3      | Killed Jessica
  2967 | D:3      | Identified Jessica's Papyrus of the Compass
  3080 | D:4      | Reached XP level 6. HP: 22/48 MP: 6/6
  3612 | D:4      | Slain by an iguana

Vault maps used:
D:1:      lemuel_arrival_river_bridge
D:2:      uniq_natasha, uniq_terence
D:3:      kennysheep_jessica_study
D:4:      corexii_shack_village, fedhas_altar_3, kennysheep_little_box,
          first_bread, kennysheep_cross_bottleneck, uniq_pikel

Skill      XL: |  1  2  3  4 |
---------------+-------------+-----
Fighting       | 2 3 |  3.9
Dodging        | 4 |  4.9
Long Blades    | 4 |  4.4
Throwing       | |  1.5

Action                   |  1- 3 |  4- 6 || total
-------------------------+-------+-------++-------
Melee: Long sword        |    35 |       ||    35
       Bite              |     8 |    29 ||    37
       Dagger            |    50 |   185 ||   235
  Use: Potion            |       |     2 ||     2
 Stab: Sleeping          |       |     7 ||     7
  Eat: Corpse            |       |     1 ||     1
Armor: Leather armour    |    13 |    28 ||    41
Dodge: Dodged            |    52 |    95 ||   147
       Rpst.: Long sword |     8 |       ||     8
